 Dungeon Crawl Stone Soup version 0.27-a0-1456-gf5a116941d (webtiles) character file.

Game seed: 6933252991030124683

5776 mandarbmax the Destroyer (level 10, -4/63 HPs)
             Began as a Tengu Air Elementalist on July 7, 2021.
             Was a Believer of Ashenzari.
             Killed by divine providence
             ... invoked by a meliai
              (14 damage)
             ... on level 9 of the Dungeon.
             The game lasted 00:33:59 (12327 turns).

mandarbmax the Destroyer (Tengu Air Elementalist)  Turns: 12327, Time: 00:34:00

Health: -4/63      AC:  9    Str: 11    XL:     10   Next: 78%
Magic:  17/19      EV: 14    Int: 23    God:    Ashenzari [**....]
Gold:   342        SH:  0    Dex:  9    Spells: 5/20 levels left

rFire    + . .     SeeInvis +   w - +4 dagger of Baipischu {vorpal, rElec rN++ Int+4 Dex-5}
rCold    + . .     Faith    .   (no shield)
rNeg     + + .     Spirit   .   A - +0 ring mail of Cremastomancy {Melee, Range} (curse)
rPois    .         Reflect  .   (helmet restricted)
rElec    +         Harm     .   t - +1 cloak "Share My Lethargy" {Range, Self} (curse)
rCorr    .         Rampage  .   (no gloves)
Will     .....                  (boots unavailable)
Stlth    +.........             (no amulet)
HPRegen  0.20/turn              j - ring of the Astral Stickiness {rF+, Elem, Melee} (curse)
MPRegen  0.16/turn              (no ring)

@: about to teleport, flying quickly and evasively, quick
A: beak, talons 3, nimble flight, iridescent scales 1, cold resistance 1, strong
1, MP-powered wands
a: Renounce Religion, Shatter the Chains


You were on level 9 of the Dungeon.
You worshipped Ashenzari.
Ashenzari was pleased with you.
You visited 2 branches of the dungeon, and saw 10 of its levels.
You also visited: Sewer.

You collected 437 gold pieces.
You spent 95 gold pieces at shops.

Inventory:

Hand Weapons
 v - a +0 great sword
 w - the +4 dagger of Baipischu (weapon) {vorpal, rElec rN++ Int+4 Dex-5}
   (You found it on level 6 of the Dungeon)

   It inflicts extra damage upon your enemies.
   Int:       It affects your intelligence (+4).
   Dex:       It affects your dexterity (-5).
   rElec:     It insulates you from electricity.
   rN:        It greatly protects you from negative energy.
 B - a +1 mace of protection
 G - the +2 spear "Uffol" {pain, Contam rC+ Int+2 Stlth+}
   (You found it on level 8 of the Dungeon)

   In the hands of one skilled in necromantic magic, it inflicts extra damage on
   living creatures.
   Int:       It affects your intelligence (+2).
   rC:        It protects you from cold.
   Contam:    It causes magical contamination when unequipped.
   Stlth:     It makes you more stealthy.
Missiles
 f - 3 boomerangs of dispersal
 C - 5 curare-tipped darts
Armour
 t - the cursed +1 cloak "Share My Lethargy" (worn) {Range, Self}
   (You took it off Maurice on level 8 of the Dungeon)

   It has a curse which improves the following skills: Ranged Combat: Slings,
   Bows, Crossbows and Throwing.
   Introspection: Fighting and Spellcasting.
 z - a +0 kite shield
 A - the cursed +0 ring mail of Cremastomancy (worn) {Melee, Range}
   (You took it off an orc on level 7 of the Dungeon)

   It has a curse which improves the following skills: Melee Combat: Short
   Blades, Long Blades, Axes, Maces & Flails, Polearms, Staves and Unarmed
   Combat.
   Ranged Combat: Slings, Bows, Crossbows and Throwing.
Magical Staves
 e - a staff of cold
Jewellery
 j - the cursed ring of the Astral Stickiness (left hand) {rF+, Elem, Melee}
   (You found it on level 5 of the Dungeon)

   [ring of protection from fire]

   rF:        It protects you from fire.
   It has a curse which improves the following skills: Elements: Fire Magic, Ice
   Magic, Air Magic and Earth Magic.
   Melee Combat: Short Blades, Long Blades, Axes, Maces & Flails, Polearms,
   Staves and Unarmed Combat.
 D - a ring of positive energy
Wands
 a - a wand of iceblast (9)
 p - a wand of polymorph (8)
 x - a wand of acid (1)
 y - a wand of digging (5)
Scrolls
 b - 7 scrolls of teleportation
 c - a scroll of summoning
 i - 3 scrolls of blinking
 l - 2 scrolls of fog
 m - 3 scrolls of holy word
 o - a scroll of brand weapon
 q - 3 scrolls of magic mapping
 E - a scroll of fear
Potions
 d - 3 potions of mutation
 g - a potion of curing
 h - 2 potions of berserk rage
 k - 3 potions of attraction
 n - a potion of haste
 r - 2 potions of might
 s - 2 potions of brilliance
 u - a potion of magic
 F - a potion of heal wounds


   Skills:
 + Level 5.5(7.0) Fighting
 + Level 6.6 Dodging
 - Level 2.0 Stealth
 + Level 4.1(5.5) Spellcasting
 - Level 12.0 Conjurations
 - Level 12.0(13.3) Air Magic


You had 5 spell levels left.
You knew the following spells:

 Your Spells              Type           Power      Damage    Failure   Level
a - Shock                 Conj/Air       100%       1d9       1%          1
b - Static Discharge      Conj/Air       59%        N/A       1%          2
c - Swiftness             Air            61%        N/A       1%          3
d - Airstrike             Air            30%        N/A       1%          4
e - Lightning Bolt        Conj/Air       29%        1d46      3%          5

Your spell library contained the following spells:

 Spells                   Type           Power      Damage    Failure   Level
 Magic Dart               Conj           100%       1d8       1%          1
 Searing Ray              Conj           100%       3d7       1%          2
 Mephitic Cloud           Conj/Pois/Air  45%        N/A       1%          3
 Poisonous Vapours        Pois/Air       72%        N/A       2%          2
 Fulminant Prism          Conj/Hex       17%        3d11      19%         4
 Freezing Cloud           Conj/Ice/Air   22%        6-21      19%         5
 Sandblast                Erth           14%        2d6       21%         1
 Call Imp                 Summ           6%         N/A       32%         2
 Ensorcelled Hibernation  Hex/Ice        12%        N/A       32%         2
 Passwall                 Tmut/Erth      5%         N/A       32%         2
 Spider Form              Tmut/Pois      3%         N/A       54%         3
 Alistair's Intoxication  Tmut/Pois      4%         N/A       99%         5
 Borgnjor's Vile Clutch   Necr/Erth      3%         N/A       99%         5
 Lee's Rapid Deconstruct  Erth           3%         3d6*      99%         5
 Maxwell's Capacitive Co  Air            30%        ∞         99%         8
 Eringya's Noxious Bog    Tmut/Pois      3%         N/A       100%        6
 Shadow Creatures         Summ           N/A        N/A       100%        6


Dungeon Overview and Level Annotations

Branches:
Dungeon (9/15)             Temple (1/1) D:6           Sewer (visited)
   Lair: D:8-11         Orc: D:9-12

Altars:
Ashenzari
Cheibriados
Dithmenos
Fedhas
Hepliaklqana
Makhleb
Nemelex Xobeh
Qazlal
Ru
Sif Muna
Trog
Uskayaw
Vehumet
Wu Jian
Xom
Yredelemnul
Zin

Shops:
D:5 *


Innate Abilities, Weirdness & Mutations

You have a beak for a mouth.
You have claws for feet.
Your magical nature lets you fly swiftly and evasively.
You are partially covered in iridescent scales. (AC +2)
Your flesh is cold resistant. (rC+)
Your muscles are strong. (Str +2)
You expend magic power (3 MP) to strengthen your wands.


Message History

Aim: a meliai, wielding a +0 war axe and wearing a +0 robe
Okay, then.
The meliai closely misses you. The meliai stings you.
The meliai hits you with a +0 war axe! The meliai stings you.
You are poisoned.
The meliai poisons you!
The meliai invokes the aid of its god against you.
Something smites you!
A meliai comes into view. It is wielding a +0 hand axe.
You feel better. The meliai hits you with a +0 war axe. The meliai stings you.
The meliai misses you. The meliai barely misses you.
As you read the scroll of teleportation, it crumbles to dust.
You feel strangely unstable. The meliai hits you with a +0 war axe!
* * * LOW HITPOINT WARNING * * *
The meliai stings you but does no damage.
The meliai barely misses you. The meliai closely misses you.
Unknown command.
You feel much better. The meliai closely misses you. The meliai stings you.
The meliai closely misses you. The meliai stings you!
Casting: Airstrike (dangerous; 1% risk of failure)
Confirm with . or Enter, or press ? or * to list all spells.
The meliai is struck by an arc of lightning.
The meliai is moderately wounded.
The meliai is struck by an arc of lightning.
The meliai is moderately wounded.
The meliai is struck by an arc of lightning.
The meliai is heavily wounded.
The lightning grounds out.
The steam dragon is struck by an arc of lightning.
The steam dragon is lightly wounded.
You resist.
You are struck by an arc of lightning.
The meliai hits you with a +0 war axe. The meliai stings you!
* * * LOW HITPOINT WARNING * * *
The steam dragon misses you. The steam dragon claws you.
* * * LOW HITPOINT WARNING * * *
The meliai calls upon its god to heal the meliai.
The meliai is healed somewhat.
The meliai mumbles some strange prayers to its god against you.
Something smites you!
You die...

######################
.....................#####
..........................
####.#############.######.
...#.# , , #.#, , ##.#.# *
#.# * * ...#.#,, *, #.#,,
,
####.####.#,#.####.####.*
.....?....# #yyy@D......#
########### #############
* ........ ,, ,,, , ,,
<..#* , , * * †..# * ,,,
...+ , , ...# ,, ...# ,
,,, , ...# * ,


You could see a steam dragon and 3 meliai.

Vanquished Creatures
  A deep elf pyromancer (D:9)
  Maurice (D:8)
  A gargoyle (D:8)
  An unseen horror (D:6)
  Sigmund (D:2)
  3 yaks (D:9)
  A steam dragon (D:8)
  An orc warrior (D:8)
  2 ice beasts
  2 black bears
  A sky beast (D:5)
  4 ogres
  3 bullfrogs
  A kobold brigand (D:7)
  3 scorpions
  3 water moccasin zombies (D:5)
  12 killer bees
  10 wights
  2 howler monkeys
  5 centaur zombies
  2 jellies (D:5)
  9 orc priests
  2 hounds
  A bullfrog skeleton (D:6)
  Jessica (D:2)
  3 iguanas
  5 orc wizards
  15 adders
  4 gnolls (D:5)
  8 river rats (Sewer)
  An adder skeleton (D:4)
  A worm (D:4)
  2 dart slugs
  24 orcs
  15 ball pythons
  5 bats
  9 endoplasms
  5 giant cockroaches
  7 goblins
  4 hobgoblins
  4 jackals (D:2)
  6 kobolds
  7 quokkas
  7 frilled lizards
  21 rats
226 creatures vanquished.

Vanquished Creatures (others)
  A centaur skeleton (D:7)
  66 fungi (D:9)
  49 plants (D:9)
116 creatures vanquished.

Grand Total: 342 creatures vanquished

Notes
Turn   | Place    | Note
-------+----------+-------------------------------------------
     0 | D:1      | mandarbmax the Tengu Air Elementalist began the quest for
                  | the Orb.
     0 | D:1      | Reached XP level 1. HP: 10/10 MP: 4/4
   167 | D:1      | Reached XP level 2. HP: 15/15 MP: 0/6
   386 | D:1      | Learned a level 2 spell: Static Discharge
   756 | D:1      | Reached XP level 3. HP: 19/19 MP: 4/7
  1061 | D:2      | Noticed Sigmund
  1308 | D:2      | Noticed Jessica
  1310 | D:2      | Killed Jessica
  1311 | D:2      | Reached XP level 4. HP: 24/24 MP: 5/8
  1527 | D:2      | Noticed an ogre
  1534 | D:2      | Killed an ogre
  1535 | D:2      | Reached skill level 5 in Conjurations
  1535 | D:2      | Reached skill level 5 in Air Magic
  1535 | D:2      | Gained mutation: Your magical nature lets you fly swiftly
                  | and evasively. [Tengu growth]
  1535 | D:2      | Reached XP level 5. HP: 28/28 MP: 0/9
  1742 | D:2      | Found a faded altar of an unknown god.
  2041 | D:2      | Gained mutation: Your muscles are strong. (Str +2) [potion
                  | of mutation]
  2041 | D:2      | Gained mutation: Your flesh is cold resistant. (rC+)
                  | [potion of mutation]
  2041 | D:2      | Gained mutation: You are partially covered in iridescent
                  | scales. (AC +2) [potion of mutation]
  2041 | D:2      | Gained mutation: You expend magic power (3 MP) to
                  | strengthen your wands. [potion of mutation]
  2069 | D:2      | HP: 1/28 [something/magic dart (5)]
  2396 | D:2      | Learned a level 3 spell: Swiftness
  2543 | D:2      | Killed Sigmund
  2544 | D:2      | Reached XP level 6. HP: 29/32 MP: 3/10
  2883 | D:3      | Reached XP level 7. HP: 36/36 MP: 7/11
  2987 | D:3      | Learned a level 4 spell: Airstrike
  3565 | D:4      | Found a shimmering blue altar of Sif Muna.
  3574 | D:4      | Found a snail-covered altar of Cheibriados.
  4610 | D:5      | Entered Level 5 of the Dungeon
  4913 | D:5      | Found Ejuzi's Assorted Antiques.
  4925 | D:5      | Reached XP level 8. HP: 41/41 MP: 6/12
  4975 | D:5      | Bought an emerald potion for 23 gold pieces
  4975 | D:5      | Bought a puce potion for 23 gold pieces
  4975 | D:5      | Bought a scroll labelled FIPTARUM UZOA for 26 gold pieces
  4975 | D:5      | Bought a metallic blue potion for 23 gold pieces
  6359 | D:5      | Reached skill level 10 in Conjurations
  6359 | D:5      | Reached skill level 10 in Air Magic
  6660 | D:6      | Reached XP level 9. HP: 21/45 MP: 4/13
  6676 | D:6      | Found a staircase to the Ecumenical Temple.
  6683 | Temple   | Entered the Ecumenical Temple
  6731 | Temple   | Became a worshipper of Ashenzari the Shackled
  6759 | D:6      | Found a hide-covered altar of Uskayaw.
  6821 | D:6      | Found a glowing drain.
  6828 | Sewer    | Entered a sewer
  8347 | D:6      | Identified the +4 dagger of Baipischu {vorpal, rElec rN++
                  | Int+4 Dex-5}
  8347 | D:6      | Killed an unseen horror
  9463 | D:7      | Reached skill level 1 in Fighting
 10216 | D:7      | Reached * piety under Ashenzari
 10296 | D:8      | Reached XP level 10. HP: 50/55 MP: 2/14
 10766 | D:8      | Noticed a gargoyle
 10768 | D:8      | Reached skill level 5 in Dodging
 11091 | D:8      | Killed a gargoyle
 11395 | D:8      | Identified the +2 spear "Uffol" {pain, Contam rC+ Int+2
                  | Stlth+}
 11437 | D:8      | HP: 1/58 [orc priest/divine providence (10)]
 11438 | D:8      | Noticed Maurice
 11456 | D:8      | Killed Maurice
 11907 | D:8      | Learned a level 5 spell: Lightning Bolt
 11907 | D:8      | Reached ** piety under Ashenzari
 12039 | D:9      | Reached skill level 5 in Fighting
 12192 | D:9      | Noticed a deep elf pyromancer
 12196 | D:9      | Killed a deep elf pyromancer
 12327 | D:9      | Killed from afar by a meliai

Illustrated notes

Levels and vault maps discovered:
D:1:      amcnicky_arrival_gap_in_the_tavern_cellar, layout_basic
D:2:      layout_basic, hellmonk_ecumenical_altar_run_dry,
          minmay_misc_feat_plants, uniq_sigmund, uniq_jessica
D:3:      layout_rooms
D:4:      minmay_door_path, layout_basic, slow_altar_1,
          kennysheep_orc_sif_temple, hangedman_glass_teeth
D:5:      minmay_angry_zag, layout_basic, serial_shops, nicolae_shop_stone,
          minivault_4, st_stairs_13, hangedman_decor_peaks_small
D:6:      layout_basic, nicolae_uskayaw_dance_hall, minmay_temple_entry_ruins,
          gup_sewer_entry_bubbles, minmay_misc_feat_alley,
          minmay_misc_feat_roman
D:7:      layout_rooms
D:8:      layout_rooms, minmay_misc_feat_five, uniq_maurice
D:9:      layout_roguey, tso_oasis_becter, grunt_gozag_statues,
          elyvilon_altar_1, due_lair_maze_entry_diamond, roderic_lattice_a
Temple:   nicolae_temple_great_sept

Skill      XL: |  1  2  3  4  5  6  7  8  9 10 |
---------------+-------------------------------+-----
Conjurations   | 2 3 4 5 6 7 8 10 12 | 12.0
Air Magic      | 5 6 7 8 10 12 | 12.0
Fighting       | 2 5 |  5.5
Dodging        | 4 6 |  6.6
Spellcasting   | 4 |  4.1
Stealth        | |  2.0

Action                   |  1- 3 |  4- 6 |  7- 9 | 10-12 || total
-------------------------+-------+-------+-------+-------++-------
Melee: Kick              |     1 |       |     8 |     1 ||    10
       Unarmed           |     1 |       |       |       ||     1
       Dagger            |       |     1 |    28 |    11 ||    40
       Peck              |       |       |     5 |       ||     5
 Cast: Shock             |    45 |    68 |   214 |    17 ||   344
       Static Discharge  |     1 |     4 |    46 |    17 ||    68
       Airstrike         |       |       |    41 |    25 ||    66
       Swiftness         |       |       |     1 |       ||     1
Invok: Curse Item        |       |       |     2 |     1 ||     3
Evoke: Wand              |       |       |     1 |     8 ||     9
  Use: Scroll            |       |     4 |     9 |     2 ||    15
       Potion            |       |     2 |     3 |     5 ||    10
 Stab: Sleeping          |       |       |     1 |       ||     1
Armor: Robe              |       |     2 |    25 |       ||    27
       Ring mail         |       |       |       |     8 ||     8
Dodge: Dodged            |     6 |    33 |    95 |    36 ||   170

Table legend: (Time is in decaauts)
 A = Elapsed time spent in this place.
 B = Non-inter-level travel time spent in this place.
 C = Inter-level travel time spent in this place.
 D = Time resting spent in this place.
 E = Time spent auto-exploring this place.
 F = Levels seen in this place.
 G = Mean time per level.
                   A        B        C        D        E       F      G
               +--------+--------+--------+--------+--------+-----+--------+
         Total |  11898 |  11521 |    377 |   4641 |   5207 |  11 | 1081.6 |
       Dungeon |  10776 |  10407 |    369 |   4118 |   4789 |   9 | 1197.3 |
        Temple |     53 |     45 |      8 |      0 |      0 |   1 |   53.0 |
         Sewer |   1068 |   1068 |      0 |    522 |    417 |   1 | 1068.0 |
               +--------+--------+--------+--------+--------+-----+--------+

Top non-repeatable levels by time:
     D:5: 1667 daAuts
     D:6: 1595 daAuts
     D:1: 1558 daAuts
     D:4: 1384 daAuts
     D:7: 1315 daAuts
     D:8: 1206 daAuts
     D:2: 1202 daAuts
   Sewer: 1068 daAuts
     D:3: 563 daAuts
     D:9: 282 daAuts
  Temple: 53 daAuts
